 Dungeon Crawl Stone Soup version 0.16.1-14-g82efdee (webtiles) character file.

953 HAL9000jb88 the Vexing (level 8, -5/45 HPs)
             Began as a Gargoyle Enchanter on Apr 14, 2015.
             Was a Follower of Sif Muna.
             Killed by divine providence
             ... invoked by an orc priest
              (14 damage)
             ... on level 6 of the Dungeon.
             The game lasted 01:16:06 (7087 turns).

HAL9000jb88 the Vexing (Gargoyle Enchanter)         Turns: 7087, Time: 01:16:06

Health: -5/45      AC: 11    Str: 12    XL:     8   Next: 14%
Magic:  15/18      EV: 13    Int: 18    God:    Sif Muna [*.....]
Gold:   80         SH:  0    Dex: 10    Spells: 5 memorised, 2 levels left

rFire  . . .     SeeInvis .     E - +1 whip (freeze)
rCold  . . .     Clarity  .     b - +2 robe
rNeg   + + .     SustAb   .     (no shield)
rPois  ∞         Gourm    .     O - +0 helmet
rElec  +         Spirit   .     f - +0 cloak
rCorr  .         Warding  +     (no gloves)
rMut   .         Stasis   .     (no boots)
MR     .....                    s - amulet of warding
Stlth  +++.......               (no ring)
                                (no ring)

@: not resistant to hostile enchantments, fairly stealthy
A: negative energy resistance 1, electricity resistance, unbreathing,
petrification resistance, rot immunity, AC +5
a: Channel Energy, Renounce Religion


You were on level 6 of the Dungeon.
You worshipped Sif Muna.
Sif Muna was aware of your devotion.
You were not hungry.

You visited 1 branch of the dungeon, and saw 6 of its levels.

You collected 292 gold pieces.
You spent 212 gold pieces at shops.

Inventory:

Hand weapons
 a - a +1 dagger
 e - a +0 blowgun
 C - a +4 hand axe
 E - a +1 whip of freezing (weapon)
 N - a +1 hunting sling of freezing
Missiles
 j - 9 bolts
 k - 28 poisoned needles
 v - 7 javelins (quivered)
 z - 22 sling bullets
 H - 20 stones
Armour
 b - a +2 robe (worn)
 f - a +0 cloak (worn)
 o - a +3 ring mail of poison resistance
 t - a +0 ring mail of cold resistance
 D - a +0 shield
 O - a +0 helmet (worn)
Magical staves
 I - an uncursed staff of air
Jewellery
 s - an amulet of warding (around neck)
Magical devices
 u - a wand of slowing (15)
Scrolls
 i - a scroll of enchant weapon
 n - 2 scrolls of immolation
 q - a scroll of amnesia
 r - 3 scrolls of noise
 B - a scroll of teleportation
 F - 4 scrolls of remove curse
 J - a scroll of magic mapping
Potions
 d - a potion of magic
 g - a potion of haste {unknown}
 h - a potion of brilliance
 l - 3 potions of curing
 m - a potion of poison {unknown}
 p - 2 potions of restore abilities
 A - a potion of berserk rage {unknown}
 G - a potion of lignification {unknown}
 M - a potion of cancellation {unknown}
Books
 c - a book of Maledictions

   Spells                             Type                      Level
   a - Corona                         Hexes                        1
   b - Sure Blade                     Hexes/Charms                 2
   c - Ensorcelled Hibernation        Hexes/Ice                    2
   d - Confuse                        Hexes                        3
   e - Dazzling Spray                 Conjuration/Hexes            3
   f - Enslavement                    Hexes                        4
 y - a book of Control

   Spells                             Type                      Level
   a - Control Teleport               Charms/Translocation         4
   b - Control Undead                 Necromancy                   4
   c - Enslavement                    Hexes                        4
   d - Metabolic Englaciation         Hexes/Ice                    5
   e - Mass Confusion                 Hexes                        6
Comestibles
 w - 2 chunks of flesh
 x - 3 bread rations
 K - a slice of pizza


   Skills:
 + Level 2.9 Fighting
 + Level 1.1 Short Blades
 + Level 2.0 Maces & Flails
 + Level 0.5(1.0) Slings
 + Level 1.4(1.5) Throwing
 + Level 1.2 Armour
 + Level 3.8 Dodging
 + Level 4.6 Stealth
 + Level 4.0 Spellcasting
 + Level 0.2 Conjurations
 + Level 4.7 Hexes
 + Level 0.2 Evocations


You had 2 spell levels left.
You knew the following spells:

 Your Spells              Type           Power        Failure   Level  Hunger
a - Corona                Hex            ###....      1%          1    None
b - Confuse               Hex            ###.....     10%         3    ###....
c - Ensorcelled Hibernat  Hex/Ice        ##....       12%         2    ##.....
d - Dazzling Spray        Conj/Hex       ##......     17%         3    ###....
e - Enslavement           Hex            ###.....     24%         4    ####...


Dungeon Overview and Level Annotations

Branches:
Dungeon (6/15)
 Temple: D:4-7

Altars:
Ashenzari
Elyvilon
Gozag
Okawaru
Sif Muna
Yredelemnul
The Shining One

Shops:
D:4 [   D:5 [[*!


Innate Abilities, Weirdness & Mutations

You are resistant to torment.
You are immune to poison.
Your stone body is very resilient (AC +5).
You resist negative energy.
You are resistant to electric shocks.
You can survive without breathing.
You are immune to petrification.
You are immune to rotting.


Message History

You kill the orc!
The orc priest barely misses you.
The orc wizard gestures wildly while chanting.
The orc wizard blinks!
Wield which item (- for none, * to show all)? (? for menu, Esc to quit)
It glows with a cold blue light!
E - a +1 whip of freezing (weapon)
The orc wizard hits you with a dagger.
The orc priest calls down the wrath of Beogh upon you.
Something smites you!
You hit the orc priest. You freeze the orc priest.
The orc priest is almost dead.
The orc priest calls down the wrath of Beogh upon you.
Something smites you!
The orc wizard gestures at you while chanting.
The magic dart hits you!
* * * LOW HITPOINT WARNING * * *
The orc priest invokes the aid of Beogh against you.
Something smites you!
You die...

# #..
... #..
#...###
#...o@#
#...o##
#.##. #
#. #§
#. #.
#. .


You could see an orc priest (blind) and an orc wizard.

Vanquished Creatures
  An orc warrior (D:5)
  A sky beast (D:5)
  2 ice beasts (D:5)
  A centaur (D:5)
  A scorpion (D:5)
  2 hounds (D:4)
  A giant frog skeleton (D:5)
  A jelly (D:5)
  3 worker ants
  A hound zombie (D:5)
  Terence (D:3)
  Robin (D:4)
  A gnoll (D:1)
  7 adders
  A shadow imp (D:4)
  6 worms
  5 giant geckos
  An ooze (D:3)
  3 orcs
  3 ball pythons
  2 bat skeletons
  2 giant cockroaches
  15 goblins
  12 hobgoblins
  4 jackals (D:3)
  9 bats
  A giant cockroach zombie (D:5)
  6 giant newts
  11 kobolds
  A quokka skeleton (D:5)
  4 rats
110 creatures vanquished.

Notes
Turn   | Place    | Note
--------------------------------------------------------------
     0 | D:1      | HAL9000jb88, the Gargoyle Enchanter, began the quest for the Orb.
     0 | D:1      | Reached XP level 1. HP: 10/10 MP: 3/3
   350 | D:1      | Reached XP level 2. HP: 15/15 MP: 4/4
  1026 | D:1      | Reached XP level 3. HP: 16/19 MP: 3/6
  1044 | D:1      | Learned a level 3 spell: Confuse
  1047 | D:1      | Learned a level 2 spell: Sure Blade
  1322 | D:2      | Reached skill level 1 in Short Blades
  1654 | D:2      | Reached skill level 4 in Stealth
  1654 | D:2      | Reached XP level 4. HP: 24/24 MP: 1/7
  2057 | D:2      | Reached skill level 1 in Fighting
  2868 | D:3      | Found a deep blue altar of Sif Muna.
  2902 | D:3      | Became a worshipper of Sif Muna the Loreminder
  3278 | D:3      | Noticed Terence
  3294 | D:3      | Reached XP level 5. HP: 24/29 MP: 6/9
  3313 | D:3      | Killed Terence
  3598 | D:3      | Found an iron altar of Okawaru.
  3754 | D:4      | Found Juroahosso's Armour Shoppe.
  3824 | D:4      | Reached skill level 1 in Armour
  4096 | D:4      | Learned a level 2 spell: Ensorcelled Hibernation
  4100 | D:4      | Learned a level 3 spell: Dazzling Spray
  4138 | D:4      | Found a glowing golden altar of the Shining One.
  4271 | D:4      | Reached XP level 6. HP: 29/35 MP: 9/12
  4313 | D:4      | Found a white marble altar of Elyvilon.
  4313 | D:4      | Found a basalt altar of Yredelemnul.
  4608 | D:4      | Noticed Robin
  4646 | D:4      | Killed Robin
  4798 | D:5      | Entered Level 5 of the Dungeon
  4852 | D:5      | Found Muamaqoch's Antique Armour Shop.
  4855 | D:5      | Bought a runed ring mail for 76 gold pieces
  4855 | D:5      | Bought a shiny ring mail for 76 gold pieces
  4920 | D:5      | Reached skill level 1 in Maces & Flails
  5407 | D:5      | Found Qusupri's Assorted Antiques.
  5503 | D:5      | Reached XP level 7. HP: 32/40 MP: 13/15
  5629 | D:5      | Acquired Sif Muna's first power
  5629 | D:5      | Reached skill level 1 in Throwing
  5884 | D:5      | Learned a level 4 spell: Enslavement
  5913 | D:5      | Found Gruxtig's Distillery.
  5932 | D:5      | Bought a potion of heal wounds for 60 gold pieces
  6399 | D:5      | Found Dozugeu's Armour Emporium.
  6603 | D:5      | Found an opulent altar of Gozag.
  6605 | D:5      | Found a shattered altar of Ashenzari.
  6872 | D:5      | Reached XP level 8. HP: 12/45 MP: 10/17
  7087 | D:6      | Killed from afar by an orc priest

Action                   |  1- 3 |  4- 6 |  7- 9 || total
-------------------------+-------+-------+-------++-------
Melee: Dagger            |   116 |    87 |    26 ||   229
       Whip              |       |   214 |    61 ||   275
       Staff             |       |     8 |       ||     8
 Fire: Hunting sling     |       |     8 |     5 ||    13
       Blowgun           |       |     3 |     9 ||    12
Throw: Javelin           |       |    20 |     5 ||    25
 Cast: Corona            |    14 |    55 |    24 ||    93
       Sure Blade        |     5 |     3 |       ||     8
       Confuse           |     2 |     9 |     7 ||    18
       Dazzling Spray    |       |     4 |     4 ||     8
       Ensorcelled Hiber |       |     1 |       ||     1
Evoke: Wand              |       |       |     4 ||     4
  Use: Scroll            |     7 |     8 |     2 ||    17
       Potion            |       |     3 |     2 ||     5
 Stab: Sleeping          |     3 |     6 |     4 ||    13
       Confused          |       |     5 |     1 ||     6
  Eat: Chunk             |     1 |     9 |     4 ||    14
       Bread ration      |     1 |       |       ||     1
       Fruit             |       |     2 |     2 ||     4
       Royal jelly       |       |     1 |       ||     1
